 Dungeon Crawl Stone Soup version 0.26.0-45-g9c1d065592 (webtiles) character file.

Game seed: 7384127775567759837

139 kaeus the Vexing (level 5, -5/28 HPs)
             Began as a Vampire Enchanter on Jan 29, 2021.
             Slain by a gnoll
             ... wielding a +0 halberd
              (19 damage)
             ... on level 3 of the Dungeon.
             The game lasted 00:05:14 (3417 turns).

kaeus the Vexing (Vampire Enchanter)                Turns: 3417, Time: 00:05:14

Health: -5/28      AC:  3    Str:  5 (7)  XL:     5   Next: 1%
Magic:  7/8        EV: 13    Int: 15 (17) God:
Gold:   159        SH:  0    Dex: 14 (16) Spells: 6/9 levels left

rFire    . . .     SeeInvis +   a - +1 dagger
rCold    + + .     Faith    .   (no shield)
rNeg     + + +     Spirit   .   k - +0 robe
rPois    ∞         Reflect  .   (no helmet)
rElec    .         Harm     .   (no cloak)
rCorr    .         Rampage  .   (no gloves)
Will     .....                  q - +0 pair of boots
Stlth    +++++.....             (no amulet)
HPRegen  0.00/turn              (no ring)
MPRegen  0.11/turn              (no ring)

@: bloodless
A: fangs 3, see invisible, unbreathing
a: Bat Form, Revivify


You were on level 3 of the Dungeon.
You visited 1 branch of the dungeon, and saw 3 of its levels.

You collected 159 gold pieces.

Inventory:

Hand Weapons
 a - a +1 dagger (weapon)
Armour
 k - a +0 robe (worn)
 q - a +0 pair of boots (worn)
Wands
 l - a wand of flame (14)
 u - a wand of random effects (25)
Scrolls
 d - a scroll of blinking {unknown}
 e - a scroll of fear
 f - a scroll of noise {unknown}
 h - a scroll of enchant armour {unknown}
 i - a scroll of amnesia {unknown}
 j - 4 scrolls of identify
 m - a scroll of magic mapping {unknown}
 n - 2 scrolls of remove curse
 o - a scroll of teleportation {unknown}
 p - a scroll of fog {unknown}
 s - a scroll of enchant weapon {unknown}
 t - a scroll of immolation {unknown}
Potions
 b - a potion of mutation {unknown}
 c - a potion of curing {unknown}
 g - a potion of attraction {unknown}
 r - a potion of brilliance {unknown}


   Skills:
 + Level 1.9 Short Blades
 + Level 2.9 Dodging
 * Level 6.0 Stealth
 + Level 2.5 Spellcasting
 * Level 6.0 Hexes


You had 6 spell levels left.
You knew the following spells:

 Your Spells              Type           Power        Failure   Level
a - Corona                Hex            22%          1%          1
b - Ensorcelled Hibernat  Hex/Ice        20%          10%         2

Your spell library contained the following spells:

 Spells                   Type           Power        Failure   Level
 Confusing Touch          Hex            20%          5%          3
 Tukima's Dance           Hex            20%          5%          3
 Dazzling Flash           Conj/Hex       20%          19%         3


Dungeon Overview and Level Annotations

Branches:
Dungeon (3/15)

Altars:


Innate Abilities, Weirdness & Mutations

You do not regenerate when monsters are visible.
You are frail without blood (-20% HP).
You can heal yourself when you bite living creatures.
You are immune to poison.
You have razor-sharp teeth.
You have supernaturally acute eyesight. (SInv)
You can survive without breathing.


Message History

You take 8 damage, and have 20/28 hp.
MASSIVE DAMAGE!!
You hit the gnoll but do no damage. Your bite misses the gnoll.
The gnoll is moderately wounded.
The gnoll hits you with a +0 halberd.
A gnoll is nearby!
You take 6 damage, and have 14/28 hp.
MASSIVE DAMAGE!!
You are too injured to fight recklessly!
A gnoll is nearby!
You hit the gnoll but do no damage.
The gnoll is moderately wounded.
The gnoll barely misses you.
You are too injured to fight recklessly!
Casting: Ensorcelled Hibernation (safe; 10% risk of failure)
Confirm with . or Enter, or press ? or * to list all spells.
Aiming: Corona (safe; 1% risk of failure)
Press: ? - help, Shift-Dir - straight line, f - gnoll
Aim: a gnoll, wielding a +0 halberd (moderately wounded, chance to affect: 67%)
The gnoll is outlined in light.
The gnoll hits you with a +0 halberd!!
Ouch! That really hurt!
You die...

#.# ###..rh#
..( #.#
r....###.## #.#
#.# ####)#
##.###.# #.#
#.# ##.r.#
######.# ##.##
##g##
.....^.#######
##...## #h##
######.......#
##.###.##
#..###
#.#####.###.##
##.####...# #.#
#....@#
#........# #.#
#.###g#
##.####...# #.#
#.# ##.###.##
#<.## #.# ##.##
#...## #..# #.#
##...## #.###
#..# #.#
#.....###.#
#...
#.###......##.#
#.#.#
#..##......##.#
#...#
##.###...#.##.#
##..#


You could see a gnoll (corona).

Vanquished Creatures
  Jessica (D:2)
  3 gnolls (D:3)
  2 adders (D:2)
  An ooze (D:2)
  2 worms (D:2)
  5 dart slugs
  A leopard gecko (D:2)
  2 giant cockroaches (D:1)
  2 goblins (D:1)
  7 hobgoblins
  8 jackals
  A ball python (D:3)
  2 bats
  3 frilled lizards (D:1)
  3 kobolds
  2 rats (D:3)
45 creatures vanquished.

Vanquished Creatures (others)
  10 plants (D:2)
10 creatures vanquished.

Grand Total: 55 creatures vanquished

Notes
Turn   | Place    | Note
-------+----------+-------------------------------------------
     0 | D:1      | kaeus the Vampire Enchanter began the quest for the Orb.
     0 | D:1      | Reached XP level 1. HP: 13/13 MP: 3/3
   353 | D:1      | Reached XP level 2. HP: 15/15 MP: 5/5
   367 | D:1      | Learned a level 2 spell: Ensorcelled Hibernation
  1124 | D:1      | Reached skill level 5 in Hexes
  1142 | D:1      | Reached skill level 5 in Stealth
  1374 | D:1      | Reached XP level 3. HP: 19/19 MP: 6/6
  1637 | D:2      | Noticed Jessica
  1641 | D:2      | Killed Jessica
  1981 | D:2      | Reached XP level 4. HP: 24/24 MP: 7/7
  3321 | D:3      | Reached XP level 5. HP: 23/28 MP: 5/8
  3417 | D:3      | Slain by a gnoll

Illustrated notes

Levels and vault maps discovered:
D:1:      minmay_arrival_solitary_statue, layout_basic, serial_bayou_crossing
D:2:      minmay_angry_zag, layout_rooms, serial_forest,
          infiniplex_forest_end_double, infiniplex_forest_clump_tiny,
          infiniplex_forest_clump_long, infiniplex_forest_clump_tiny,
          infiniplex_forest_end_1, infiniplex_forest_clump_double,
          infiniplex_forest_lined_2, infiniplex_forest_corner_1,
          infiniplex_forest_clump_double, uniq_jessica
D:3:      layout_loops_ring, old_standard_altar

Skill      XL: |  1  2  3  4 |
---------------+-------------+-----
Hexes          | 5 6 |  6.0
Stealth        | 5 6 |  6.0
Short Blades   | |  1.9
Dodging        | |  2.9
Spellcasting   | |  2.5

Action                   |  1- 3 |  4- 6 || total
-------------------------+-------+-------++-------
Melee: Dagger            |    57 |    86 ||   143
       Bite              |     4 |     5 ||     9
 Cast: Ensorcelled Hiber |    10 |    10 ||    20
       Corona            |       |     1 ||     1
 Abil: Exsanguinate      |     1 |       ||     1
       End Transformatio |       |     1 ||     1
       Bat Form          |       |     1 ||     1
  Use: Scroll            |     2 |       ||     2
 Stab: Sleeping          |    15 |    14 ||    29
       Distracted        |       |     1 ||     1
Armor: Robe              |     6 |    14 ||    20
Dodge: Dodged            |    32 |    61 ||    93
